Cogmind - Beta 11 @@@ ROGUE MODE // 2022.04.08 @ 19:53:15 Player: Infomantis Result: Destroyed by G-47 Trooper with Particle Gun Performance ------------- Evolutions (1) 500 Regions Visited (6) 1200 Robots Destroyed (47) 235 Value Destroyed (1317) 1317 Prototype IDs (26) 520 Alien Tech Used (0) 0 Bonus (571) 571 TOTAL SCORE: 4343 Bonus ------- High Alert Combat Kills 171 Follower Combat Kills 100 Aligned with FarCom 300 Cogmind --------- Core Integrity 0/400 Matter 205/300 Energy 91/100 System Corruption 0% Temperature Cool (66) Movement Walking (120) Location -8/Mines Parts ------- > --- POWER (1) -------- (None) > --- PROPULSION (3) --- Aluminum Leg Aluminum Leg Aluminum Leg > --- UTILITY (3) ------ Medium Storage Unit Improved Terrain Scanner Melee Analysis Suite > --- WEAPON (2) ------- Small Laser Minigun > --- INVENTORY (10) --- Light Nuclear Core Armored Wheel Armored Wheel Compact Matter Pod (150) XL Autogun Array Rocket Launcher Katana Peak State ------------ > --- POWER ------------ Heavy Ion Engine > --- PROPULSION ------- Aluminum Leg Aluminum Leg Aluminum Leg > --- UTILITY ---------- Medium Storage Unit Improved Terrain Scanner Melee Analysis Suite > --- WEAPON ----------- Small Laser Minigun > --- INVENTORY -------- Light Nuclear Core Armored Wheel Armored Wheel Compact Matter Pod XL Autogun Array Rocket Launcher Katana [Rating: 22] Favorites ----------- Power Light Ion Engine Engine Light Ion Engine Propulsion Aluminum Leg Leg Aluminum Leg Utility Medium Storage Unit Device Structural Scanner Storage Medium Storage Unit Processor Melee Analysis Suite Weapon Minigun Energy Gun Small Laser Ballistic Gun Minigun Build | -11 -10 -10 -9 -9 -9 -8 ------- Run | Scr Mat Min Mat Min Exi Min Slots Evolved 2 | . . . 2 . . . Power . | . . . . . . . Propulsion 1 | . . . 1 . . . Utility 1 | . . . 1 . . . Weapon . | . . . . . . . Parts Attached 44 | 7 2 5 28 . 2 . Power 7 | 1 . 1 5 . . . Engine 7 | 1 . 1 5 . . . Core . | . . . . . . . Reactor . | . . . . . . . Propulsion 20 | 2 . 3 14 . 1 . Treads . | . . . . . . . Leg 20 | 2 . 3 14 . 1 . Wheel . | . . . . . . . Hover . | . . . . . . . Flight . | . . . . . . . Utility 8 | 2 1 1 3 . 1 . Device 5 | 1 . 1 2 . 1 . Storage 2 | 1 1 . . . . . Processor 1 | . . . 1 . . . Hackware . | . . . . . . . Protection . | . . . . . . . Artifact . | . . . . . . . Weapon 9 | 2 1 . 6 . . . Energy Gun 3 | 1 1 . 1 . . . Energy Cannon . | . . . . . . . Ballistic Gun 6 | 1 . . 5 . . . Ballistic Cannon . | . . . . . . . Launcher . | . . . . . . . Special Weapon . | . . . . . . . Impact Weapon . | . . . . . . . Slashing Weapon . | . . . . . . . Piercing Weapon . | . . . . . . . Special Melee Weapon . | . . . . . . . Unidentified Prototypes 1 | . . . 1 . . . Parts Lost 14 | . . 2 11 . . 1 Power 3 | . . 1 1 . . 1 Propulsion 5 | . . . 5 . . . Utility 2 | . . 1 1 . . . Weapon 4 | . . . 4 . . . Highest Loss Streak 3 | . . 1 3 . . 1 To Critical Strikes . | . . . . . . . Average Slot Usage (%) 97 | . 100 92 96 100 100 100 Engine 12 | . 14 14 11 11 11 11 Leg 30 | . 28 28 30 33 33 33 Device 12 | . 14 7 15 11 11 11 Storage 12 | . 14 14 11 11 11 11 Processor 5 | . . . 6 11 11 11 Energy Gun 9 | . 14 14 4 11 11 11 Ballistic Gun 14 | . 14 14 17 11 11 11 Naked Turns . | . . . . . . . Heaviest Build 25 | 13 17 17 25 23 23 23 Greatest Support 30 | 20 20 20 30 30 30 30 Greatest Overweight (x) 2 | . . . 2 . . . Average Overweight (x) . | . . . . . . . Largest Inventory Capacity 10 | 8 10 10 10 10 10 10 Average Capacity 9 | 7 8 10 10 10 10 10 Most Carried 10 | 6 9 10 10 10 10 10 Average Carried 9 | 3 7 9 9 9 9 10 Final Capacity 10 | 8 10 10 10 10 10 10 Final Carried 10 | 5 9 10 10 10 10 10 Class Distribution -------------------- 54% | Scavenger-Mutant 42% | Mutant 3% | Scavenger-Skirmisher Dominant Class ---------------- Mutant | -10/Materials Mutant | -10/Mines Scavenger-Mutant | -9/Materials Scavenger-Mutant | -9/Mines Scavenger-Mutant | -9/Exiles Scavenger-Skirmisher | -8/Mines Resources | -11 -10 -10 -9 -9 -9 -8 ----------- Run | Scr Mat Min Mat Min Exi Min Matter Collected 1420 | 233 85 98 978 26 . . Remotely . | . . . . . . . Salvage Created 1793 | 20 159 159 1326 69 . 60 Parts 116 | 5 9 8 77 9 . 8 Haulers Intercepted . | . . . . . . . Recyclers Shooed 3 | . . . 3 . . . Parts Field Recycled . | . . . . . . . Retrieved Matter . | . . . . . . . Parts Self-Destructed . | . . . . . . . Prevented . | . . . . . . . Kills | -11 -10 -10 -9 -9 -9 -8 ------- Run | Scr Mat Min Mat Min Exi Min Combat Hostiles Destroyed 41 | . 6 4 24 3 . 4 Guns 41 | . 6 4 24 3 . 4 Classes Destroyed 9 | 1 2 . 5 1 . . Worker 1 | . . . . 1 . . Tunneler 1 | 1 . . . . . . Recycler 3 | . . . 3 . . . Operator 1 | . . . 1 . . . Swarmer 11 | . 3 1 . 3 . 4 Grunt 21 | . 3 3 15 . . . Duelist 2 | . . . 2 . . . Protector 1 | . . . 1 . . . Sentry 6 | . . . 6 . . . Best Kill Streak 6 | 1 3 2 6 3 . 2 Combat Bots Only 4 | . 3 2 4 3 . 2 Max Kills in Single Turn 2 | 1 1 1 2 1 . 1 Gunslinging 1 | . . . 1 . . . Exploded . | . . . . . . . Melee . | . . . . . . . Uniques/NPCs Destroyed . | . . . . . . . Combat | -11 -10 -10 -9 -9 -9 -8 -------- Run | Scr Mat Min Mat Min Exi Min Damage Taken 2603 | . 313 126 1706 38 . 420 Core 538 | . 86 41 309 25 . 77 Absorbed by Shields . | . . . . . . . Core Remaining (%) 74 | 100 . 49 . . . . Volleys Fired 125 | 1 15 11 74 4 . 20 Largest 2 | 2 2 2 2 2 . 2 Hottest 70 | 70 70 60 65 65 . 65 Shots Fired 247 | 2 30 22 145 8 . 40 Gun 247 | 2 30 22 145 8 . 40 Cannon . | . . . . . . . Launcher . | . . . . . . . Special . | . . . . . . . Kinetic 177 | 1 15 11 126 4 . 20 Thermal 70 | 1 15 11 19 4 . 20 Explosive . | . . . . . . . Electromagnetic . | . . . . . . . Robot Hit Streak 21 | 1 6 21 11 4 . 5 Robot Miss Streak 4 | 1 2 2 4 1 . 4 Penetration Max . | . . . . . . . Secondary Targets 6 | . . 1 3 . . 2 Max Gunslinging Chain 1 | . . 1 1 . . 1 Shots Hit Robots 164 | 1 21 17 99 5 . 21 Core Hits 69 | 1 9 8 41 4 . 6 Critical Kills . | . . . . . . . Critical Parts Destroyed . | . . . . . . . Critical Strikes 1 | . 1 . . . . . Burn 1 | . 1 . . . . . Melee Attacks . | . . . . . . . Impact . | . . . . . . . Slashing . | . . . . . . . Piercing . | . . . . . . . Sneak Attacks . | . . . . . . . Combat Hostiles . | . . . . . . . Follow-up Attacks . | . . . . . . . Damage Inflicted 2522 | 14 277 204 1630 73 . 324 Guns 2521 | 14 277 204 1629 73 . 324 Cannons . | . . . . . . . Explosions . | . . . . . . . Melee . | . . . . . . . Ramming 1 | . . . 1 . . . Kinetic 1966 | 14 126 105 1478 51 . 192 Thermal 555 | . 151 99 151 22 . 132 Explosive . | . . . . . . . Electromagnetic . | . . . . . . . Impact . | . . . . . . . Slashing . | . . . . . . . Piercing . | . . . . . . . Highest Corruption . | . . . . . . . Average Corruption . | . . . . . . . Corruption Purged . | . . . . . . . Corruption Blocked . | . . . . . . . Overload Shots . | . . . . . . . Overflow Damage . | . . . . . . . Projectiles . | . . . . . . . Explosions . | . . . . . . . Melee . | . . . . . . . Knockbacks . | . . . . . . . Impact . | . . . . . . . Kinetic . | . . . . . . . Secondary . | . . . . . . . Self-Inflicted Damage . | . . . . . . . Shots . | . . . . . . . Rammed . | . . . . . . . Targets Rammed 1 | . . . 1 . . . Kicked 1 | . . . 1 . . . Crushed . | . . . . . . . Highest Temperature 105 | 9 105 64 66 20 . 57 Average Temperature 27 | 6 48 43 19 13 . 27 Received Heat Transfer 966 | . 66 93 735 . . 72 Siege Activations . | . . . . . . . Robots Corrupted . | . . . . . . . Combat Hostiles . | . . . . . . . Parts Fried . | . . . . . . . Impact Corruptions . | . . . . . . . Robots Melted . | . . . . . . . Combat Hostiles . | . . . . . . . Parts Melted 5 | . 3 1 . . . 1 Heat Transferred 1443 | . 518 225 350 50 . 300 Parts Sabotaged . | . . . . . . . Parts Stolen . | . . . . . . . Parts Stripped . | . . . . . . . Power Chain Reactions . | . . . . . . . Missiles Intercepted . | . . . . . . . Alert | -11 -10 -10 -9 -9 -9 -8 ------- Run | Scr Mat Min Mat Min Exi Min Peak Influence 698 | 5 203 160 698 346 . 105 Initial 271 | . 3 . 62 271 . . Average 260 | . 91 103 457 342 . 57 Maximum Alert Level 2 | . 1 . 2 1 . . Low Security (%) 52 | 100 86 100 20 . . 100 Level 1 19 | . 13 . 7 100 . . Level 2 27 | . . . 72 . . . Level 3 . | . . . . . . . Level 4 . | . . . . . . . Level 5 . | . . . . . . . High Security . | . . . . . . . Max Security . | . . . . . . . Squads Dispatched 10 | . 3 1 6 . . . Investigation 4 | . 2 . 2 . . . Extermination . | . . . . . . . Reinforcement 4 | . 1 . 3 . . . Assault 2 | . . 1 1 . . . Garrison . | . . . . . . . Intercept . | . . . . . . . Searches Triggered . | . . . . . . . Construction Impeded . | . . . . . . . Haulers Reinforced . | . . . . . . . Active Scanning Responses . | . . . . . . . Cargo Convoy Interrupts . | . . . . . . . Stealth | -11 -10 -10 -9 -9 -9 -8 --------- Run | Scr Mat Min Mat Min Exi Min Distress Signals 2 | . . . 2 . . . Communications Jammed . | . . . . . . . Distress Signals . | . . . . . . . Times Spotted 66 | . 6 9 41 2 . 8 Peak Tracking Total 7 | . 3 2 7 2 . 5 Tactical Retreats 6 | . . 1 4 . . 1 Traps | -11 -10 -10 -9 -9 -9 -8 ------- Run | Scr Mat Min Mat Min Exi Min Traps Triggered 1 | . . . 1 . . . Indirectly . | . . . . . . . Trap Hack Attempts . | . . . . . . . Triggered . | . . . . . . . Disarmed . | . . . . . . . Reprogrammed . | . . . . . . . Reused . | . . . . . . . Traps Extracted . | . . . . . . . Installed . | . . . . . . . Triggered . | . . . . . . . Machines | -11 -10 -10 -9 -9 -9 -8 ---------- Run | Scr Mat Min Mat Min Exi Min Machines Disabled 1 | . . . 1 . . . Max in Single Turn 1 | . . . 1 . . . Machines Sabotaged . | . . . . . . . Garrisons Compromised . | . . . . . . . Overloaded Fab Kills . | . . . . . . . Hacking | -11 -10 -10 -9 -9 -9 -8 --------- Run | Scr Mat Min Mat Min Exi Min Machines Accessed 11 | . 6 . 3 . 2 . Terminals 7 | . 5 . 2 . . . Fabricators . | . . . . . . . Repair Stations . | . . . . . . . Recycling Units 1 | . 1 . . . . . Scanalyzers 1 | . . . 1 . . . Garrison Access . | . . . . . . . Total Hacks 26 | . 14 . 10 . 2 . Successful 13 | . 6 . 5 . 2 . Failed 13 | . 8 . 5 . . . Catastrophic 2 | . . . 2 . . . Database Lockouts . | . . . . . . . Manual 11 | . 6 . 4 . 1 . Terminals 18 | . 13 . 5 . . . Fabricators . | . . . . . . . Repair Stations . | . . . . . . . Recycling Units 1 | . 1 . . . . . Scanalyzers 5 | . . . 5 . . . Garrison Access . | . . . . . . . Terminal Hacks 7 | . 4 . 1 . 2 . Record 1 | . . . . . 1 . Part Schematic 1 | . 1 . . . . . Prototype ID Bank 1 | . . . 1 . . . Branch Access Points 1 | . 1 . . . . . Locate Traps 1 | . 1 . . . . . Zone Layout 1 | . 1 . . . . . EX-Prototype ID Bank 1 | . . . . . 1 . Fabricator Hacks . | . . . . . . . Repair Station Hacks . | . . . . . . . Recycling Unit Hacks . | . . . . . . . Scanalyzer 4 | . . . 4 . . . Insert Component 2 | . . . 2 . . . Analyze 2 | . . . 2 . . . Garrison Access Hacks . | . . . . . . . Unauthorized Hacks 2 | . 2 . . . . . Terminals 1 | . 1 . . . . . Botnet 1 | . 1 . . . . . Fabricators . | . . . . . . . Repair Stations . | . . . . . . . Recycling Units 1 | . 1 . . . . . Tunnel 1 | . 1 . . . . . Scanalyzers . | . . . . . . . Garrison Access . | . . . . . . . Data Cores Recovered . | . . . . . . . Used . | . . . . . . . Hacking Detections 7 | . 4 . 3 . . . Full Trace Events 3 | . 1 . 2 . . . Feedback Events . | . . . . . . . Feedback Blocked . | . . . . . . . Robot Schematics Acquired . | . . . . . . . Robots Built . | . . . . . . . Authchips . | . . . . . . . Time . | . . . . . . . Total Robot Build Rating . | . . . . . . . Part Schematics Acquired 3 | . 1 . 2 . . . Parts Built . | . . . . . . . Authchips . | . . . . . . . Time . | . . . . . . . Total Part Build Rating . | . . . . . . . Parts Repaired . | . . . . . . . Time . | . . . . . . . Parts Recycled . | . . . . . . . Recycled Matter . | . . . . . . . Retrieved Matter . | . . . . . . . Retrieved Components . | . . . . . . . Parts Scanalyzed 2 | . . . 2 . . . Part Schematics Acquired 2 | . . . 2 . . . Parts Damaged . | . . . . . . . Bothacking | -11 -10 -10 -9 -9 -9 -8 ------------ Run | Scr Mat Min Mat Min Exi Min Used RIF Installer . | . . . . . . . Robots Hacked . | . . . . . . . Non-combat . | . . . . . . . Combat . | . . . . . . . Robot Hacks Applied . | . . . . . . . Relay Couplers Released . | . . . . . . . Fabnet Peak Effective % . | . . . . . . . Robots Rewired . | . . . . . . . Allies Hacked . | . . . . . . . Hacks Repelled . | . . . . . . . Allies | -11 -10 -10 -9 -9 -9 -8 -------- Run | Scr Mat Min Mat Min Exi Min Total Allies 4 | . . 4 . . . . Largest Group 3 | . . 3 2 . . . Highest-Rated Group 47 | . . 47 47 . . . Highest-Rated Ally 31 | . . 31 31 . . . Total Orders . | . . . . . . . Ally Attacks 34 | . . 13 21 . . . Total Damage 460 | . . 136 324 . . . Kills 8 | . . 3 5 . . . Allies Corrupted . | . . . . . . . Allies Melted . | . . . . . . . Intel | -11 -10 -10 -9 -9 -9 -8 ------- Run | Scr Mat Min Mat Min Exi Min Robot Analysis Total . | . . . . . . . Derelict Logs Recovered 1 | . . . . 1 . . Drone Launches . | . . . . . . . Drone Recoveries . | . . . . . . . Exploration | -11 -10 -10 -9 -9 -9 -8 ------------- Run | Scr Mat Min Mat Min Exi Min Turns Passed 2378 | 70 562 322 793 276 284 71 Spaces Moved 1571 | 44 414 226 427 214 232 14 Core 2 | 2 . . . . . . Treads . | . . . . . . . Legs 1569 | 42 414 226 427 214 232 14 Wheels . | . . . . . . . Hover . | . . . . . . . Flight . | . . . . . . . Fastest Speed 50 | 50 120 120 120 120 120 120 Average Speed 121 | 116 120 120 124 120 120 120 Slowest Speed 260 | 120 120 120 260 120 120 120 Overloaded Moves . | . . . . . . . Propulsion Burnouts . | . . . . . . . Robots Hopped . | . . . . . . . Cave-ins Triggered . | . . . . . . . Exploration Rate (%) 38 | 3 56 47 42 44 65 9 Regions Visited 6 Branch Regions 4 Pre-discovered Areas 3 | . 1 . . 1 1 . Known Exits Taken 1 | . 1 . . . . . Unknown Exits Taken 5 | 1 . 1 1 1 1 . Scrap Searched 1 | . . 1 . . . . Spaces Dug . | . . . . . . . Terrain Destroyed . | . . . . . . . Melee . | . . . . . . . Projectile . | . . . . . . . AOE . | . . . . . . . Terrain Rammed . | . . . . . . . Walls Destroyed . | . . . . . . . Machines Disabled . | . . . . . . . Actions | -11 -10 -10 -9 -9 -9 -8 --------- Run | Scr Mat Min Mat Min Exi Min Total 1826 | 58 450 256 564 226 238 34 Wait 38 | . 14 8 9 7 . . Move 1565 | 43 413 225 426 213 231 14 Hop . | . . . . . . . Pick Up 25 | 7 4 3 9 1 1 . Fast Attach 18 | 5 . 1 12 . . . Attach 9 | 2 . 1 6 . . . Detach 1 | . . . 1 . . . Swap 17 | . 2 3 10 . 2 . Drop 27 | . 2 4 16 1 4 . Fire 125 | 1 15 11 74 4 . 20 Melee . | . . . . . . . Ram . | . . . . . . . Kick 1 | . . . 1 . . . Crush . | . . . . . . . Escape Stasis . | . . . . . . . Rewire . | . . . . . . . Trap . | . . . . . . . Miscellaneous . | . . . . . . . Route ------- -11/Scrapyard -10/Materials (discovered 3 exits: *Mat x2 / *Min) -10/Mines -9/Materials -9/Mines (discovered 3 exits: [*Mat x2] / *Exi) -9/Exiles (discovered 2 exits: [*Min x2]) -8/Mines History --------- Turn | Location | Event 2 | -11/Scrapyard | Met Revision 17 32 | -11/Scrapyard | Discovered new exit (range 15) 71 | -11/Scrapyard | Entered Materials 226 | -10/Materials | Discovered new exit (range 15) 313 | -10/Materials | Build established: Mutant 393 | -10/Materials | Identified exit to Mines 578 | -10/Materials | Discovered new exit (range 13) 633 | -10/Materials | Entered Mines 645 | -10/Mines | Core integrity fell below 50% 748 | -10/Mines | Assisted by bots powering up and referring to "LRC-V3" 932 | -10/Mines | Discovered new exit (range 8) 935 | -10/Mines | Met a Derelict testing a Signal Generator 950 | -10/Mines | Found Signal Generator 955 | -10/Mines | Entered Materials 955 | -9/Materials | Accompanied by 2 allies 955 | -9/Materials | Evolved 2 slots: Propulsion x1, Utility x1 1355 | -9/Materials | First assault squad dispatched 1412 | -9/Materials | Lost 3 parts (1p1n1w) 1476 | -9/Materials | Lost 3 parts (2n1w) 1500 | -9/Materials | Core integrity fell below 50% 1626 | -9/Materials | Build established: Scavenger-Mutant 1734 | -9/Materials | Discovered new exit (range 10) 1748 | -9/Materials | Entered Mines 1751 | -9/Mines | Core integrity fell below 20% 1844 | -9/Mines | Discovered new exit (range 5) 1927 | -9/Mines | Discovered new exit (range 8) 1936 | -9/Mines | Received a Rocket Launcher from a helpful Derelict 2019 | -9/Mines | Deemed a non-threat by the Exiles lab entrance 2019 | -9/Mines | Discovered new exit (range 5) 2024 | -9/Mines | Entered Exiles 2041 | -9/Exiles | Discovered new exit (range 15) 2064 | -9/Exiles | Met 8R-AWN 2083 | -9/Exiles | Met EX-HEX 2118 | -9/Exiles | Met EX-BIN 2135 | -9/Exiles | Aligned with FarCom system 2136 | -9/Exiles | Given EX-Vault access code 2165 | -9/Exiles | Opened EX-Vault 2180 | -9/Exiles | Found XL Autogun Array 2204 | -9/Exiles | Warned to stay clear of 0b10 Research branches 2240 | -9/Exiles | Met EX-DEC 2256 | -9/Exiles | Learned location of Zion (-7) 2294 | -9/Exiles | Discovered new exit (range 12) 2308 | -9/Exiles | Left Exiles lab with XL Autogun Array 2308 | -9/Exiles | Entered Mines 2379 | -8/Mines | Destroyed by G-47 Trooper with Particle Gun Last Messages --------------- LOCATION=UNKNOWN GOAL=ESCAPE 02308_ Receiving FarCom transmissions... 02311_ S-10 Pest destroyed. 02311_ Switching to secondary target: S-10 Pest. 02314_ Destroyed Flight Unit. 02320_ Lgt. Ion Engine melted. 02320_ S-10 Pest destroyed. 02320_ Switching to secondary target: B-36 Bruiser. 02327_ Critical hit (Burn: +37). 02343_ T-07 Excavator is excavating. 02353_ S-10 Pest destroyed. 02356_ T-07 Excavator is excavating. 02359_ S-10 Pest destroyed. 02360_ T-07 Excavator is excavating. 02366_ Knocked back. 02369_ T-07 Excavator is excavating. 02375_ Hvy. Ion Engine destroyed. 02377_ R-06 Scavenger collects Lgt. Ion Engine. 02378_ T-07 Excavator is excavating. Map ----- +----------------------------------------------------+ | ?????????????????????#???????????????????????????? | | ????????????????????#????????????????????????????? | | ?????????????????????????#???????????????????????? | | ??????????????????????????????#??????????????????? | | ?????????????????????###?????????????????????????? | | ????????????????????? ?????????????????????????? | | ?????????????#??????# ?????????????????????????? | | ???????????????????## ??????????????????????????? | | ??????????????????## ???###????????????????????? | | ??????????????????# ??# ##????#??????????????? | | ??????????????????# =#?# #######?????????????? | | ????????#?????????# *%## ?????????????? | | ??????????????????# %[ ??????????????? | | ?????????????????## [ #????##????????????? | | ????????????????## #???#???????????????? | | ????????????????# $#???#???????????????? | | ????????????????# ##### #????#??????????????? | | ????????????????## ##??????????#?????#?????????? | | ?????????#???????# ##???????? ??#???????????????? | | ???????????????#?# #????????? ??????????????????? | | ??????????#??????# #????????????#???????????????? | | ????????????###### #######??????????????????????? | | ????? gr#?????#????????????????? | | ??????????? #############b#??????#???????????????? | | ?????#??????????????????#g#???????????#??????????? | | ??????????? #???????????#@#????? ????????????????? | | ??????????? ?????????#??# #??????????? ??????????? | | ??????????? ????#??????? #??????????????????????? | | ???????????????????#???? ????????#?????????????? | | ??????????????????????? t ??????????????????????? | | ?????????????????#????? ###??????????????????????? | | ??????????????????????##??????#??????????????????? | | ????????????#?????????????????????????#??????????? | | ?????????????????????????????????????????????????? | | ?????????????????????????????????????????????????? | | ??????????????#?????????????????#????????????????? | | ???????????????????#?????????????????????????????? | | ??????????????????????????????????#??????????????? | | ?????????????????????????????????????????????????? | | ?????????????????????????????????????????????????? | | ?????????????????????????????????????????????????? | | ?????????????????????????????????????????????????? | | ?????????????????????????????????????????????????? | | ?????????????????????????????????????????????????? | | ?????????????????????????????????????????????????? | | ?????????????????????????????????????????????????? | | | | | | | | | +----------------------------------------------------+ Best States ------------- Heat Dissipation 38 Energy Generation 14 Energy Capacity 280 Matter Stores 300 Matter Capacity 300 Sight Range 16 Terrain Scan Range 16 Terrain Scan Density 10 Evasion (%) 55 Melee Accuracy 5 Recoil Reduction 4 Item Schematics ----------------- Sml. Storage Unit | -10/Materials | Hacked Com. Wheel | -9/Materials | Scanalyzed Structural Scanner | -9/Materials | Scanalyzed Robot Schematics ------------------ None Fabricated ------------ Nothing Alien Tech Used ----------------- None Achievements -------------- None Challenges ------------ None Game ------ Seed HelicalHeatFirepult Manual? 0 Play Time 00:20:39 Cumulative 124.5 hours Start 2022.04.08 @ 19:25:04 End 2022.04.08 @ 19:53:15 Sessions 1 Manual Loads 0 Difficulty Rogue Special Mode None Game No. 95 Rogue 77 Adventurer 6 Explorer 12 Win Type - Total 8 Types 5/0/1/1/0/0/1/0/0 Lore% 73 Gallery% 76 Achievement% 60 Wizard Run 0 Options --------- ASCII 0 Keyboard 0 Movement Numpad Keybinds 0 Fullscreen 1 Font 12/Fuzzy Map View 83x54 Tactical HUD 1 Map Filters NONE Filters NONE Steam 1 RUN: 9771fff8-d4d9-4122-a03a-fd18b85713e3